 Dungeon Crawl Stone Soup version 0.28-a0-1356-g2ad6d04315 (webtiles) character file.

Game seed: 4836627321033088137

710 sanka the Slasher (level 7, -2/60 HPs)
             Began as a Gnoll Cinder Acolyte on Dec 30, 2021.
             Was a High Priest of Ignis.
             Slain by a water moccasin (5 damage)
             ... on level 5 of the Dungeon.
             The game lasted 00:08:04 (4873 turns).

sanka the Slasher (Gnoll Cinder Acolyte)            Turns: 4873, Time: 00:08:04

Health: -2/60      AC:  6    Str: 13    XL:     7   Next: 68%
Magic:  1/12       EV: 11    Int: 19    God:    Ignis [*****.]
Gold:   148        SH:  0    Dex:  5    Spells: 11/13 levels left

rFire   + . .      SeeInvis .   l - +5 mace of Contention {elec, rElec Int+4 Dex-3}
rCold   . . .      Faith    .   (no shield)
rNeg    . . .      Spirit   .   b - +0 robe
rPois   .          Reflect  .   g - +0 helmet
rElec   +          Harm     .   (no cloak)
rCorr   .          Rampage  .   c - +0 pair of gloves
Will    .....                   q - +1 pair of boots
Stlth   ++........              (no amulet)
HPRegen 0.20/turn               (no ring)
MPRegen 0.13/turn               (no ring)

@: brilliant, lethally poisoned (-2 -> -11)
A: fangs 1, strong nose, distributed training
a: Renounce Religion, Fiery Armour, Foxfire Swarm, Rising Flame


You were on level 5 of the Dungeon.
You worshipped Ignis.
Ignis was extremely pleased with you.
You visited 2 branches of the dungeon, and saw 6 of its levels.

You collected 148 gold pieces.


Innate Abilities, Weirdness & Mutations

You have very sharp teeth.
Your uncanny sense of smell can sniff out nearby items.
Your experience applies equally to all skills.


   Skills:
 + Level 7.1 Fighting
 + Level 2.6 Short Blades
 + Level 7.1 Long Blades
 + Level 2.6 Axes
 + Level 2.6 Maces & Flails
 + Level 2.6 Polearms
 + Level 2.6 Staves
 + Level 2.6 Slings
 + Level 2.6 Bows
 + Level 2.6 Crossbows
 + Level 2.6 Throwing
 + Level 2.6 Armour
 + Level 2.6 Dodging
 + Level 2.6 Stealth
 + Level 2.6 Shields
 + Level 2.6 Unarmed Combat
 + Level 3.9 Spellcasting
 + Level 2.1 Conjurations
 + Level 2.1 Hexes
 + Level 2.1 Summonings
 + Level 2.1 Necromancy
 + Level 2.1 Translocations
 + Level 2.1 Transmutations
 + Level 5.9 Fire Magic
 + Level 2.1 Ice Magic
 + Level 2.1 Air Magic
 + Level 2.1 Earth Magic
 + Level 2.1 Poison Magic
 + Level 2.9 Invocations
 + Level 2.6 Evocations


You had 11 spell levels left.
You knew the following spells:

 Your Spells              Type           Power      Damage    Failure   Level
y - Scorch                Fire           78%        2d9       1%          2

Your spell library contained the following spells:

 Spells                   Type           Power      Damage    Failure   Level
 Blink                    Tloc           34%        N/A       9%          2
 Ensorcelled Hibernation  Hex/Ice        34%        N/A       9%          2
 Confusing Touch          Hex            17%        N/A       17%         3
 Spider Form              Tmut/Pois      17%        N/A       17%         3
 Manifold Assault         Tloc           17%        N/A       85%         5
 Yara's Violent Unravell  Hex/Tmut       8%         3d5       85%         5
 Enfeeble                 Hex            8%         N/A       100%        7
 Storm Form               Tmut/Air       8%         N/A       100%        7

Inventory:

Hand Weapons
 a - a -1 falchion of flaming
 l - the +5 mace of Contention (weapon) {elec, rElec Int+4 Dex-3}

   It occasionally discharges a powerful burst of electricity upon striking a
   foe.
   Int:       It affects your intelligence (+4).
   Dex:       It affects your dexterity (-3).
   rElec:     It insulates you from electricity.
 n - a +2 mace of draining
Missiles
 e - 4 silver javelins
 j - 6 curare-tipped darts {=f}
Armour
 b - a +0 robe (worn)
 c - a +0 pair of gloves (worn)
 g - a +0 helmet (worn)
 q - a +1 pair of boots (worn)
Jewellery
 p - an amulet of faith
Wands
 r - a wand of acid (4)
 u - a wand of mindburst (16)
Scrolls
 h - 4 scrolls of teleportation {@r4}
 i - a scroll of fog
 k - 2 scrolls of silence {!r}
 s - a scroll of noise {unknown}
 t - a scroll of enchant armour
Potions
 d - a potion of might {unknown}
 f - a potion of brilliance
 m - 2 potions of curing {unknown}
 o - a potion of mutation {unknown}

Dungeon Overview and Level Annotations

Branches:
Dungeon (5/15)             Temple (1/1) D:4

Altars:
Ashenzari
Cheibriados
Dithmenos
Elyvilon
Gozag
Hepliaklqana
Kikubaaqudgha
Makhleb
Nemelex Xobeh
Okawaru
Qazlal
Ru
Sif Muna
Uskayaw
Wu Jian
Xom
The Shining One

Shops:
D:3 [ D:5

* ▒.▒ ▒.▒ ▒▒▒▒ ▒▒▒+▒▒▒▒▒ ▒.▒
▒♣... ........▒ ▒.▒ ▒..≈≈
........▒▒▒▒▒ ▒.▒ ▒.≈≈≈
.£......▒▒.. ▒.▒ ▒∩≈≈≈
........▒▒.▒ ▒.▒ ▒.≈≈≈
........▒▒.▒▒▒▒▒▒▒▒▒.▒▒▒▒▒▒▒..≈≈
...>........ZsSg..........▒▒♣...
........▒▒.▒▒▒▒▒▒▒▒▒.......▒▒▒▒▒
........▒▒.▒ ▒▒▒▒▒▒▒.▒▒ ▒.
........▒▒.▒ ▒..▒ ▒.
...........▒ ▒▒.▒ ▒▒
.........▒▒▒ ▒▒▒.▒ .........
▒▒...▒▒▒▒ .......... +........
▒▒....▒▒▒


You could see a water moccasin, a scorpion and a hound zombie.


Message History

* * * LOW HITPOINT WARNING * * *
The water moccasin barely misses you.
Unknown command.
You closely miss the water moccasin. Your bite misses the water moccasin.
The water moccasin is heavily wounded.
The water moccasin is no longer more vulnerable to fire.
The water moccasin barely misses you.
You hit the water moccasin but do no damage.
Your bite misses the water moccasin.
The water moccasin is heavily wounded.
The water moccasin bites you.
* * * LOW HITPOINT WARNING * * *
You are poisoned.
The water moccasin poisons you! The water moccasin closely misses you.
You closely miss the water moccasin.
The water moccasin is heavily wounded.
* * * LOW HITPOINT WARNING * * *
You feel very sick.
The water moccasin bites you but does no damage.
The water moccasin bites you!
* * * LOW HITPOINT WARNING * * *
Unknown command.
It was a potion of brilliance.
You feel clever all of a sudden.
* * * LOW HITPOINT WARNING * * *
You feel sick. The water moccasin bites you.
You die...

Action                   |  1- 3 |  4- 6 |  7- 9 || total
-------------------------+-------+-------+-------++-------
Melee: Falchion          |   275 |       |       ||   275
       Bite              |    30 |       |     1 ||    31
       Punch             |     1 |       |       ||     1
       Mace              |    14 |    52 |    14 ||    80
 Cast: Scorch            |     3 |    29 |    21 ||    53
  Use: Scroll            |       |       |     4 ||     4
       Potion            |       |       |     1 ||     1
 Stab: Sleeping          |     1 |       |       ||     1
Armor: Robe              |    21 |    17 |    10 ||    48
Dodge: Dodged            |    52 |    27 |    20 ||    99

Levels and vault maps discovered:
D:1:      scummos_arrival_hexagon, layout_basic, serial_forest,
          infiniplex_forest_clump_tiny, infiniplex_forest_clump_diagonal,
          infiniplex_forest_straight_2, infiniplex_forest_end_double,
          infiniplex_forest_clump_cross, infiniplex_forest_end_1,
          infiniplex_forest_straight_4, chequers_serial_rivers_micro_b,
          minmay_misc_feat_plants
D:2:      layout_rooms, basic_altar, uniq_natasha
D:3:      layout_loops_ring, serial_shops, shop
D:4:      layout_loops_corners, minmay_temple_entry_slanted
D:5:      layout_basic, gup_sewer_entry_spiral, serial_shops,
          nicolae_lakefront_shop, uniq_ijyb
Temple:   eino_temple_scatter_basement

Notes
Turn   | Place    | Note
-------+----------+-------------------------------------------
     0 | D:1      | sanka the Gnoll Cinder Acolyte began the quest for the Orb.
     0 | D:1      | Reached XP level 1. HP: 23/23 MP: 4/4
   387 | D:1      | Reached XP level 2. HP: 29/29 MP: 5/5
   404 | D:1      | Learned a level 2 spell: Scorch
  1458 | D:2      | Reached XP level 3. HP: 31/35 MP: 4/7
  1576 | D:2      | Identified the +5 mace of Contention {elec, rElec Int+4
                  | Dex-3}
  1786 | D:2      | Found a sparkling altar of Nemelex Xobeh.
  1790 | D:2      | Noticed Natasha
  1796 | D:2      | Killed Natasha
  1797 | D:2      | Reached skill level 1 in Short Blades
  1797 | D:2      | Reached skill level 1 in Axes
  1797 | D:2      | Reached skill level 1 in Maces & Flails
  1797 | D:2      | Reached skill level 1 in Polearms
  1797 | D:2      | Reached skill level 1 in Staves
  1797 | D:2      | Reached skill level 1 in Slings
  1797 | D:2      | Reached skill level 1 in Bows
  1797 | D:2      | Reached skill level 1 in Crossbows
  1797 | D:2      | Reached skill level 1 in Throwing
  1797 | D:2      | Reached skill level 1 in Armour
  1797 | D:2      | Reached skill level 1 in Dodging
  1797 | D:2      | Reached skill level 1 in Stealth
  1797 | D:2      | Reached skill level 1 in Shields
  1797 | D:2      | Reached skill level 1 in Unarmed Combat
  1797 | D:2      | Reached skill level 1 in Invocations
  1797 | D:2      | Reached skill level 1 in Evocations
  1797 | D:2      | Reached XP level 4. HP: 36/41 MP: 8/8
  1989 | D:2      | Noticed Natasha
  1995 | D:2      | Killed Natasha
  1996 | D:2      | Reached skill level 3 in Spellcasting
  1996 | D:2      | Reached skill level 1 in Conjurations
  1996 | D:2      | Reached skill level 1 in Hexes
  1996 | D:2      | Reached skill level 1 in Summonings
  1996 | D:2      | Reached skill level 1 in Necromancy
  1996 | D:2      | Reached skill level 1 in Translocations
  1996 | D:2      | Reached skill level 1 in Transmutations
  1996 | D:2      | Reached skill level 1 in Ice Magic
  1996 | D:2      | Reached skill level 1 in Air Magic
  1996 | D:2      | Reached skill level 1 in Earth Magic
  1996 | D:2      | Reached skill level 1 in Poison Magic
  2166 | D:2      | Noticed Natasha
  2171 | D:2      | Killed Natasha
  2175 | D:2      | Reached XP level 5. HP: 47/47 MP: 4/9
  2989 | D:3      | Reached skill level 2 in Invocations
  2989 | D:3      | Reached XP level 6. HP: 46/53 MP: 4/10
  3107 | D:3      | Found Riahat's Armour Emporium.
  3631 | D:4      | Reached skill level 2 in Short Blades
  3631 | D:4      | Reached skill level 2 in Axes
  3631 | D:4      | Reached skill level 2 in Maces & Flails
  3631 | D:4      | Reached skill level 2 in Polearms
  3631 | D:4      | Reached skill level 2 in Staves
  3631 | D:4      | Reached skill level 2 in Slings
  3631 | D:4      | Reached skill level 2 in Bows
  3631 | D:4      | Reached skill level 2 in Crossbows
  3631 | D:4      | Reached skill level 2 in Throwing
  3631 | D:4      | Reached skill level 2 in Armour
  3631 | D:4      | Reached skill level 2 in Dodging
  3631 | D:4      | Reached skill level 2 in Stealth
  3631 | D:4      | Reached skill level 2 in Shields
  3631 | D:4      | Reached skill level 2 in Unarmed Combat
  3631 | D:4      | Reached skill level 2 in Evocations
  3775 | D:4      | Noticed a black bear
  3778 | D:4      | Killed a black bear
  3829 | D:4      | Found a staircase to the Ecumenical Temple.
  3836 | Temple   | Entered the Ecumenical Temple
  4137 | D:4      | Reached skill level 7 in Fighting
  4137 | D:4      | Reached skill level 7 in Long Blades
  4137 | D:4      | Reached XP level 7. HP: 57/60 MP: 1/12
  4678 | D:5      | Entered Level 5 of the Dungeon
  4738 | D:5      | Reached skill level 2 in Conjurations
  4738 | D:5      | Reached skill level 2 in Hexes
  4738 | D:5      | Reached skill level 2 in Summonings
  4738 | D:5      | Reached skill level 2 in Necromancy
  4738 | D:5      | Reached skill level 2 in Translocations
  4738 | D:5      | Reached skill level 2 in Transmutations
  4738 | D:5      | Reached skill level 2 in Ice Magic
  4738 | D:5      | Reached skill level 2 in Air Magic
  4738 | D:5      | Reached skill level 2 in Earth Magic
  4738 | D:5      | Reached skill level 2 in Poison Magic
  4790 | D:5      | Noticed Ijyb
  4795 | D:5      | Killed Ijyb
  4799 | D:5      | Found Plog's Assorted Antiques.
  4872 | D:5      | HP: 5/60 [water moccasin (7)]
  4873 | D:5      | Slain by a water moccasin

Vanquished Creatures
  A sky beast (D:5)
  A black bear (D:4)
  A phantom (D:4)
  A scorpion (D:4)
  A howler monkey (D:5)
  2 orc priests
  Ijyb (D:5)
  Natasha (thrice) (D:2)
  An iguana (D:5)
  3 orc wizards
  3 adders
  A white imp (D:5)
  A worm (D:4)
  6 orcs
  7 ball pythons
  4 endoplasms
  2 giant cockroaches
  A hobgoblin (D:1)
  5 jackals
  6 quokkas
  4 bats
  3 frilled lizards
  2 goblins
  5 kobolds
  6 rats
  2 bushes (D:1)
73 creatures vanquished.

Vanquished Creatures (others)
  A plant (D:1)
1 creature vanquished.

Grand Total: 74 creatures vanquished
